 Dungeon Crawl Stone Soup version 0.27.1-2-g3b301248ec (webtiles) character file.

Game seed: 8897057260637200760

2541 MajorAdolf the Covert (level 9, -4/88 HPs)
             Began as a Naga Wanderer on Oct 1, 2021.
             Was an Initiate of Gozag.
             Slain by a vampire mosquito (10 damage)
             ... on level 7 of the Dungeon.
             The game lasted 00:24:14 (14220 turns).

MajorAdolf the Covert (Naga Wanderer)              Turns: 14220, Time: 00:24:15

Health: -4/88      AC:  8    Str: 16    XL:     9   Next: 55%
Magic:  19/19      EV:  9    Int: 13    God:    Gozag
Gold:   366        SH:  0    Dex: 12    Spells: 9/10 levels left

rFire    + . .     SeeInvis +   G - +2 spear (venom)
rCold    . . .     Faith    .   (no shield)
rNeg     . . .     Spirit   .   s - +1 leather armour {rF+}
rPois    +         Reflect  .   k - +0 helmet
rElec    .         Harm     .   j - +0 cloak
rCorr    .         Rampage  .   (no gloves)
Will     +....                  (no barding)
Stlth    ++++......             (no amulet)
HPRegen  0.24/turn              o - ring of magical power
MPRegen  0.16/turn              (no ring)

@: about to teleport, very slow
A: AC +3, large, see invisible, deformed body, poison resistance, slowness 2,
spit poison 1, naga tail 1
a: Spit Poison, Renounce Religion, Potion Petition, Call Merchant, Bribe Branch


You were on level 7 of the Dungeon.
You worshipped Gozag.
Gozag was aware of your devotion.
You visited 2 branches of the dungeon, and saw 9 of its levels.

You collected 494 gold pieces.
You paid 128 gold pieces to Gozag.

Inventory:

Hand Weapons
 a - a +2 dagger
 e - a +0 scimitar of holy wrath
 l - a +0 hunting sling
 F - a +3 war axe
 G - a +2 spear of venom (weapon)
Missiles
 b - 2 curare-tipped darts
 m - 156 stones
 r - 4 sling bullets
 B - 3 throwing nets
Armour
 j - a +0 cloak (worn)
 k - a +0 helmet (worn)
 s - a +1 leather armour of fire resistance (worn)
 D - +0 steam dragon scales
 H - +0 swamp dragon scales
Jewellery
 o - a ring of magical power (left hand)
 y - a ring of fire
Wands
 u - a wand of flame (3)
 v - a wand of iceblast (13)
 C - a wand of paralysis (7)
Scrolls
 c - 3 scrolls of teleportation
 d - a scroll of vulnerability {unknown}
 g - 2 scrolls of blinking
 i - a scroll of amnesia
 p - 2 scrolls of enchant armour
 q - a scroll of magic mapping
 t - 2 scrolls of fear
 z - a scroll of enchant weapon
 A - 3 scrolls of immolation
 J - a scroll of identify
Potions
 f - a potion of ambrosia
 h - 2 potions of experience
 n - a potion of haste {unknown}
 w - 3 potions of heal wounds
 x - 3 potions of curing
 I - a potion of lignification {unknown}
Miscellaneous
 E - a piece from Xom's chessboard (15/15)


   Skills:
 + Level 7.9 Fighting
 - Level 1.7 Throwing
 - Level 2.4 Armour
 + Level 11.5 Stealth
 - Level 1.0 Spellcasting
 - Level 1.0 Transmutations
 - Level 1.3 Poison Magic
 + Level 6.5 Evocations


You had 9 spell levels left.
You knew the following spells:

 Your Spells              Type           Power      Damage    Failure   Level
a - Apportation           Tloc           0%         N/A       32%         1

Your spell library contained the following spells:

 Spells                   Type           Power      Damage    Failure   Level
 Animate Skeleton         Necr           0%         N/A       32%         1
 Pain                     Necr           0%         1d4       32%         1
 Sandblast                Erth           0%         2d4       32%         1
 Passwall                 Tmut/Erth      0%         N/A       38%         2
 Gell's Gravitas          Tloc           0%         N/A       69%         3
 Lesser Beckoning         Tloc           0%         N/A       69%         3
 Teleport Other           Tloc           0%         N/A       69%         3
 Vampiric Draining        Necr           0%         2d6       69%         3
 Lee's Rapid Deconstruct  Erth           0%         3d5*      100%        5


Dungeon Overview and Level Annotations

Branches:
Dungeon (8/15)             Temple (1/1) D:6
   Lair: D:8-11

Altars:
Ashenzari
Cheibriados
Dithmenos
Elyvilon
Fedhas
Gozag
Hepliaklqana
Kikubaaqudgha
Makhleb
Nemelex Xobeh
Okawaru
Qazlal
Ru
Trog
Uskayaw
Vehumet
Wu Jian
Xom
Yredelemnul
Zin
The Shining One
Lugonu

Shops:
D:2 (

Portals:
Abyss: D:5

Annotations:
D:2 1 runed translucent door, Crazy Yiuf, Jessica, Natasha
D:5 2 runed translucent doors, Borgoz's ghost, novice GrFi
D:7 Dowan
D:8 exclusion: hydra


Innate Abilities, Weirdness & Mutations

Your serpentine skin is tough. (AC +3)
You have supernaturally acute eyesight. (SInv)
Armour fits poorly on your strangely shaped body.
Your system is resistant to poisons. (rPois)
You cover ground very slowly.
You can spit poison.
You have a snake-like lower body.


Message History

You are more poisoned.
You feel very sick.
The gnoll sergeant hits you from afar with a +2 spear of venom.
You feel very sick.
You kill the gnoll sergeant!
You feel very sick.
You feel sick.
You feel sick.
You feel sick. The gnoll hits you but does no damage.
You feel sick.
There is a stone staircase leading up here.
You feel sick.
You are no longer poisoned.
The gnoll misses you.
You climb upwards.
Level annotation: Dowan The vampire mosquito buzzes angrily.
You hear an angry buzzing noise.
There is a stone staircase leading down here.
There are monsters nearby!
There are monsters nearby!
Unknown command.
You barely miss the vampire mosquito.
The vampire mosquito bites you but does no damage.
The vampire mosquito bites you!
* * * LOW HITPOINT WARNING * * *
The vampire mosquito draws strength from your injuries!
Unknown command.
As you read the scroll of teleportation, it crumbles to dust.
You feel strangely unstable.
The vampire mosquito buzzes angrily.
The vampire mosquito bites you but does no damage.
The vampire mosquito bites you!
* * * LOW HITPOINT WARNING * * *
The vampire mosquito draws strength from your injuries!
The vampire mosquito bites you.
* * * LOW HITPOINT WARNING * * *
The vampire mosquito draws strength from your injuries!
The vampire mosquito barely misses you. The vampire mosquito bites you!
You die...
Your body crumbles into a pile of gold.

.....##.. #####+## ..e
#.. #......# . #..
#......# #.. #......# $
#.. #......# #..
#......# $ #..
####...y..# ###
+.....@yyy#############
########>.$............
#..#######...... #..#
#...... #..# #......
#..#######......
#..#.)...+......
#..#.#####...... #..#.#
####'##


You could see 4 vampire mosquitoes.

Vanquished Creatures
  Maggie (D:6)
  Eustachio (D:5)
  A wyvern (D:7)
  2 steam dragons
  Menkaure (D:6)
  3 sky beasts
  A black bear (D:4)
  4 ogres
  A centaur (D:7)
  A bullfrog (D:6)
  A scorpion (D:6)
  A gnoll sergeant (D:8)
  A howler monkey (D:6)
  2 hounds
  A jelly (D:5)
  2 bullfrog zombies
  An orc priest (D:6)
  2 iguanas
  3 orc wizards
  A killer bee zombie (D:6)
  Robin (D:1)
  A howler monkey skeleton (D:4)
  10 gnolls
  3 adders
  A shadow imp (D:6)
  A white imp (D:5)
  An ufetubus (D:6)
  2 worms
  4 dart slugs
  8 orcs
  A bat (D:3)
  5 endoplasms
  3 giant cockroaches
  16 goblins
  7 hobgoblins
  16 jackals
  9 kobolds
  3 quokkas
  4 ball pythons
  3 frilled lizards
  3 rats
  2 lurking horrors (D:5)
135 creatures vanquished.

Vanquished Creatures (others)
  5 fungi (D:1)
  4 plants (D:1)
9 creatures vanquished.

Grand Total: 144 creatures vanquished

Notes
Turn   | Place    | Note
-------+----------+-------------------------------------------
     0 | D:1      | MajorAdolf the Naga Wanderer began the quest for the Orb.
     0 | D:1      | MajorAdolf set off with the following items: a +2 dagger, 2
                  | curare-tipped darts, a scroll of teleportation, a +0 robe;
                  | and the following spell memorised: Apportation; and the
                  | following spells available to memorise: Lesser Beckoning
     0 | D:1      | Reached XP level 1. HP: 19/19 MP: 2/2
   126 | D:1      | Reached skill level 1 in Stealth
   160 | D:1      | Reached XP level 2. HP: 27/27 MP: 3/3
   339 | D:1      | Reached skill level 2 in Stealth
   578 | D:1      | Reached XP level 3. HP: 24/33 MP: 4/4
   717 | D:1      | Reached skill level 3 in Stealth
  1097 | D:1      | Found a faded altar of an unknown god.
  1847 | D:1      | Reached XP level 4. HP: 42/42 MP: 5/5
  1893 | D:2      | Noticed Robin
  2156 | D:1      | Reached skill level 4 in Stealth
  2569 | D:1      | Killed Robin
  2809 | D:2      | Noticed Jessica
  2837 | D:2      | Noticed Natasha
  2990 | D:2      | Found a runed translucent door.
  2991 | D:2      | Noticed Crazy Yiuf
  3106 | D:2      | Found Totuuschy's Weapon Boutique.
  4500 | D:4      | Reached XP level 5. HP: 50/50 MP: 6/6
  4548 | D:4      | Reached skill level 5 in Stealth
  4689 | D:4      | Noticed an ogre
  4699 | D:5      | Entered Level 5 of the Dungeon
  4806 | D:5      | Found a stormy altar of Qazlal.
  4828 | D:5      | Noticed a sky beast
  5386 | D:5      | Killed a sky beast
  5387 | D:5      | Reached skill level 6 in Stealth
  5387 | D:5      | Reached skill level 1 in Evocations
  5387 | D:5      | Reached XP level 6. HP: 58/58 MP: 7/7
  5673 | D:4      | Reached skill level 7 in Stealth
  5673 | D:4      | Reached XP level 7. HP: 54/66 MP: 8/8
  5788 | D:4      | Reached skill level 5 in Fighting
  6383 | D:5      | Noticed Eustachio
  6611 | D:5      | Killed Eustachio
  6679 | D:5      | Found a shadowy altar of Dithmenos.
  6712 | D:4      | Reached skill level 8 in Stealth
  7955 | D:5      | Found a corrupted altar of Lugonu.
  8266 | D:5      | Found a one-way gate to the infinite horrors of the Abyss.
  8390 | D:5      | Found a large runed translucent door.
  8390 | D:5      | Found a large runed translucent door.
  8395 | D:5      | Noticed Borgoz's ghost (novice GrFi)
  8555 | D:6      | Reached XP level 8. HP: 71/76 MP: 9/9
  8802 | D:6      | Noticed Maggie
  9144 | D:5      | Reached skill level 9 in Stealth
  9558 | D:6      | Found a sparkling altar of Nemelex Xobeh.
 10529 | D:6      | Found an iron altar of Okawaru.
 11100 | D:6      | Found a staircase to the Ecumenical Temple.
 11105 | D:6      | Noticed Menkaure
 11618 | D:6      | Reached skill level 5 in Evocations
 11840 | D:5      | Identified the +5 hunting sling of Xiurphuar {speed, Drain
                  | Int+4 SInv}
 12272 | D:6      | Killed Menkaure
 12273 | D:6      | Reached skill level 10 in Stealth
 12525 | Temple   | Entered the Ecumenical Temple
 12694 | Temple   | Became a worshipper of Gozag Ym Sagoz the Greedy
 12874 | D:7      | Reached XP level 9. HP: 29/86 MP: 10/10
 13285 | D:6      | Killed Maggie
 13612 | D:7      | Reached skill level 11 in Stealth
 13722 | D:7      | Noticed Dowan
 14171 | D:8      | Noticed an eight-headed hydra
 14220 | D:7      | Slain by a vampire mosquito

Illustrated notes

Levels and vault maps discovered:
D:1:      eino_arrival_cavern_b, layout_loops_ring,
          dreamdust_ecumenical_altar_grove
D:2:      layout_loops_ring, serial_rivers, chequers_serial_rivers_micro_b,
          chequers_serial_rivers_large_b, chequers_serial_rivers_small_b,
          chequers_serial_rivers_room_a, serial_shops, shop, item_on_display_a,
          uniq_robin, uniq_crazy_yiuf_cottage, uniq_jessica, uniq_natasha
D:3:      layout_rooms
D:4:      layout_cave_pools, nicolae_overflow_hidden_temple
D:5:      layout_basic, mainiacjoe_overflow_small_starburst,
          nicolae_qazlal_eye_of_the_storm, ebering_ghost_disaster_area,
          amcnicky_altar_lugonu_corruption, uniq_eustachio
D:6:      layout_layer_cave, mainiacjoe_overflow_large_starburst,
          minmay_temple_entry_antechambers, minmay_bent, uniq_menkaure,
          uniq_maggie
D:7:      layout_basic, uniq_duvessa
D:8:      minmay_cut_squares, layout_rooms, david_lair_shrubbed, dk_vineyard_1,
          nicolae_shop_gadgets
Temple:   minmay_crystal_spiral_temple

Skill      XL: |  1  2  3  4  5  6  7  8  9 |
---------------+----------------------------+-----
Stealth        | 1 2 3 4 6 7 8 10 11 | 11.5
Fighting       | 3 4 5 7 |  7.9
Evocations     | 1 2 3 5 6 |  6.5
Throwing       | |  1.7
Armour         | |  2.4
Spellcasting   | |  1.0
Transmutations | |  1.0
Poison Magic   | |  1.3

Action                   |  1- 3 |  4- 6 |  7- 9 || total
-------------------------+-------+-------+-------++-------
Melee: Dagger            |    27 |    74 |   135 ||   236
       Spear             |       |       |    52 ||    52
 Fire: Hunting sling     |       |    60 |    45 ||   105
Throw: Dart              |     1 |       |       ||     1
 Abil: Spit Poison       |    35 |    53 |    65 ||   153
Evoke: Wand              |       |     2 |     6 ||     8
  Use: Scroll            |       |       |    12 ||    12
 Stab: Sleeping          |     1 |       |     2 ||     3
       Paralysed         |       |       |     2 ||     2
Armor: Robe              |     4 |    28 |       ||    32
       Leather armour    |       |    23 |   115 ||   138
Dodge: Dodged            |    13 |    71 |   113 ||   197
